 Dungeon Crawl Stone Soup version 0.31.0-11-ge490571c62 (webtiles) character file.

Game seed: 15636256093099574746

59 qw the Shooter (level 3, -3/20 HPs)
             Began as a Deep Elf Hunter on Feb 3, 2024.
             Slain by a goblin
             ... wielding a +0 club
             ... led by Robin
              (6 damage)
             ... on level 2 of the Dungeon.
             The game lasted 00:00:09 (1045 turns).

qw the Shooter (Deep Elf Hunter)                    Turns: 1045, Time: 00:00:10

Health: -3/20      AC:  6    Str: 10    XL:     3   Next: 78%
Magic:  5/5        EV: 13    Int: 13    God:
Gold:   70         SH:  5    Dex: 18    Spells: 2/2 levels left

rFire   . . .        a - +0 shortbow
rCold   + . .        (shield currently unavailable)
rNeg    . . .        g - +2 robe {rC+}
rPois   .            h - +1 helmet
rElec   .            (no cloak)
rCorr   .            (no gloves)
SInv    .            (no boots)
Will    .....        e - amulet of reflection
Stlth   ++           (no ring)
HPRegen 0.23/turn    (no ring)
MPRegen 0.09/turn

%: reflection
@: no status effects
A: no striking features
a: no special abilities


You were on level 2 of the Dungeon.
You visited 1 branch of the dungeon, and saw 2 of its levels.

You collected 70 gold pieces.


   Skills:
 - Level 1.5 Fighting
 + Level 7.3 Ranged Weapons
 - Level 2.4 Dodging
 - Level 1.2 Stealth


You had 2 spell levels left.
You didn't know any spells.
Your spell library was empty.

Inventory:

Hand Weapons
 a - a +0 shortbow (weapon)
Armour
 g - a +2 robe of cold resistance (worn)
 h - a +1 helmet (worn)
Jewellery
 e - an amulet of reflection (around neck)
Potions
 f - a potion of might {unknown}
 i - a potion of attraction {unknown}

Dungeon Overview and Level Annotations

Branches:
Dungeon (2/15)

Altars:


Message History

A goblin comes into view. It is wielding a +0 club.
You shoot an arrow. The arrow hits Robin.
Robin is almost dead.
The goblin hits you with a +0 club. Robin barely misses you.
You shoot an arrow. The arrow hits Robin!
You kill Robin!
The goblin hits you but does no damage.
A hobgoblin comes into view.
You shoot an arrow.
The arrow hits the hobgoblin but does no damage.
The goblin misses you. The hobgoblin closely misses you.
You shoot an arrow. The arrow hits the hobgoblin.
The hobgoblin is moderately wounded.
The goblin completely misses you. The hobgoblin hits you.
The hobgoblin closely misses you.
You shoot an arrow. The arrow hits the hobgoblin.
You kill the hobgoblin!
You block the goblin's attack. The goblin hits you but does no damage.
The hobgoblin misses you.
You shoot an arrow. The arrow closely misses the goblin.
The arrow hits the goblin.
The goblin is severely wounded.
The goblin hits you with a +0 club. You block the goblin's attack.
The goblin hits you with a +0 club. The hobgoblin closely misses you.
You shoot an arrow. The arrow hits the goblin.
You kill the goblin!
The goblin closely misses you. The goblin hits you but does no damage.
The hobgoblin hits you but does no damage.
You shoot an arrow.
The arrow hits the goblin but does no damage.
The goblin is severely wounded.
The goblin hits you but does no damage. The goblin misses you.
You block the goblin's attack. The hobgoblin hits you.
You shoot an arrow. The arrow closely misses the goblin.
The goblin hits you with a +0 dagger. The goblin closely misses you.
You block the goblin's attack. The hobgoblin completely misses you.
You shoot an arrow. The arrow hits the goblin.
You kill the goblin!
The goblin hits you with a +0 club.
You die...

..... .....# .
........ ##..
#....... .....
#......#####...#
#.............
#.#..#...gg#####..
#.#....>.g@)).)...
#....#..##########
#....#....#
#.......#.# ###
#...#####.#
....#...'.....#.#
........#######.#
###.............#
#.#............


You could see a hobgoblin and 2 goblins.

Vanquished Creatures
  Robin (D:2)
  An adder (D:2)
  A ribbon worm (D:2)
  2 endoplasms (D:1)
  3 giant cockroaches (D:1)
  15 goblins
  2 hobgoblins (D:2)
  A quokka (D:1)
  4 ball pythons (D:1)
  3 bats (D:1)
  A frilled lizard (D:2)
  A kobold (D:1)
  A rat (D:1)
36 creatures vanquished.

Notes
Turn   | Place    | Note
-------+----------+-------------------------------------------
     0 | D:1      | qw the Deep Elf Hunter began the quest for the Orb.
     0 | D:1      | Reached XP level 1. HP: 12/12 MP: 3/3
     0 | D:1      | 0 ||| qw: Version: 0.3-a-155-g5e7d8dd
     0 | D:1      | 0 ||| qw: Game counter: 3301
     0 | D:1      | 0 ||| qw: Melee chars always use a shield: true
     0 | D:1      | 0 ||| qw: God list: Okawaru
     0 | D:1      | 0 ||| qw: Allow faded altars: false
     0 | D:1      | 0 ||| qw: Do Orc after clearing Dungeon:15 true
     0 | D:1      | 0 ||| qw: Do second Lair branch before Depths: true
     0 | D:1      | 0 ||| qw: Lair rune preference: random
     0 | D:1      | 0 ||| qw: Goals: Normal
     0 | D:1      | 0 ||| PLANNING D:1-11
   355 | D:1      | Reached XP level 2. HP: 16/16 MP: 4/4
   367 | D:1      | Reached skill level 6 in Ranged Weapons
   802 | D:1      | 802 ||| UPGRADING to +2 robe of cold resistance.
   812 | D:1      | 812 ||| DROPPING +0 leather armour.
   813 | D:1      | 813 ||| UPGRADING to +0 helmet.
   818 | D:1      | 818 ||| UPGRADING to amulet of reflection.
   823 | D:1      | 823 ||| READING scroll labelled NETUUS CUD PYI.
   823 | D:1      | 823 ||| ENCHANTING +0 helmet.
   824 | D:1      | 824 ||| DROPPING scroll of butterflies.
   945 | D:2      | Reached XP level 3. HP: 18/20 MP: 5/5
  1022 | D:2      | Noticed Robin
  1035 | D:2      | Reached skill level 7 in Ranged Weapons
  1037 | D:2      | Killed Robin
  1043 | D:2      | HP: 5/20 [hobgoblin[Robin] (3)]
  1044 | D:2      | HP: 2/20 [goblin/+0 dagger[Robin] (3)]
  1045 | D:2      | Slain by a goblin

Levels and vault maps discovered:
D:1:      matt_arrival_los_fun, layout_loops_corners, serial_bayou_pond_d,
          minmay_tetromino_t4
D:2:      layout_basic, kennysheep_generic_room_14, uniq_robin

Skill      XL: |  1  2  3 |
---------------+----------+-----
Ranged Weapons | 6 7 |  7.3
Fighting       | |  1.5
Dodging        | |  2.4
Stealth        | |  1.2

Action                     || total
---------------------------++-------
   Fire: Shortbow          ||    86
    Use: Scroll            ||     1
 Armour: Leather armour    ||     7
         Robe              ||    24
  Dodge: Dodged            ||    30
  Block: Other             ||     9

Table legend:
 A = Non-vault XP
 B = Vault XP
 C = Vault XP percentage of total XP
 D = Non-vault monster count
 E = Vault monster count
 F = Vault count percentage of total count
                 A         B        C        D         E       F
            +---------+---------+-------+---------+---------+-------
      Total |      50 |      37 |  42.5 |      23 |      13 |  36.1
            +---------+---------+-------+---------+---------+-------
        D:1 |      31 |       5 |  13.9 |      20 |       3 |  13.0
        D:2 |      19 |      32 |  62.7 |       3 |      10 |  76.9
            +---------+---------+-------+---------+---------+-------
